 Dungeon Crawl Stone Soup version 0.20-a0-820-g557356e (webtiles) character file.

176914 Espgualade the Thaumaturge (level 17, -17/102 HPs)
             Began as a Tengu Ice Elementalist on Mar 2, 2017.
             Was a High Priest of Vehumet.
             Shot with an arrow by a naga sharpshooter (22 damage)
             ... led by Vashnia
             ... on level 2 of the Snake Pit on Mar 4, 2017.
             The game lasted 04:28:53 (45705 turns).

Espgualade the Thaumaturge (TeIE)                  Turns: 45705, Time: 04:28:53

Health: -17/102    AC:  8    Str: 10    XL:     17   Next: 84%
Magic:  12/45      EV: 32    Int: 33    God:    Vehumet [*****.]
Gold:   528        SH:  0    Dex: 21    Spells: 0/45 levels left

rFire    . . .     SeeInvis .   W - +6 rapier of Calamity {holy, +Blink Int+4 Dex+6}
rCold    . . .     Gourm    .   t - +1 robe of Fonaof {*Corrode MP+9 Int+8 Slay-3}
rNeg     . . .     Faith    .   (no shield)
rPois    +         Spirit   .   b - +2 hat {MR+}
rElec    .         Reflect  .   T - +1 cloak {rPois}
rCorr    .         Harm     .   f - +0 pair of gloves
MR       ++...                  (boots unavailable)
Stlth    ++++++....             X - amulet of regeneration
Regen    0.7/turn               q - ring of wizardry
MPRegen  0.3/turn               d - +6 ring of evasion

@: flying quickly and evasively, quick
A: beak, talons 3, able to fly 2
}: 1/15 runes: decaying
a: Stop Flying, Renounce Religion, Evoke Blink


You were on level 2 of the Snake Pit.
You worshipped Vehumet.
Vehumet was extremely pleased with you.
You were not hungry.

You visited 8 branches of the dungeon, and saw 29 of its levels.
You also visited: Sewer, Ossuary and Volcano.

You collected 2647 gold pieces.
You spent 2119 gold pieces at shops.

Inventory:

Hand Weapons
 W - the +6 rapier of Calamity (weapon) {holy, +Blink Int+4 Dex+6}
   (You found it on level 6 of the Lair of Beasts)

   It has been blessed by the Shining One to cause great damage to the undead
   and demons.
   It affects your intelligence (+4).
   It affects your dexterity (+6).
   It lets you blink.
Armour
 b - a +2 hat of magic resistance (worn)
 f - a +0 pair of gloves (worn)
 t - the +1 robe of Fonaof (worn) {*Corrode MP+9 Int+8 Slay-3}
   (You found it on level 4 of the Dungeon)

   It affects your intelligence (+8).
   It affects your accuracy and damage with ranged weapons and melee attacks
   (-3).
   It affects your magic capacity (+9).
   It may corrode you when you take damage.
 T - a +1 cloak of poison resistance (worn)
Jewellery
 d - a +6 ring of evasion (left hand)
 o - a +6 ring of strength
 q - a ring of wizardry (right hand)
 u - an uncursed ring of see invisible
 D - an uncursed ring of protection from cold
 J - an uncursed ring of protection from fire
 M - an uncursed ring of positive energy
 X - an amulet of regeneration (around neck)
Wands
 k - a wand of confusion (21/48)
 n - a wand of polymorph (8/24)
 L - a wand of iceblast (5/15)
 Q - a wand of disintegration (2/24)
 S - a wand of digging (7/24)
Scrolls
 h - a scroll of acquirement {unknown}
 l - 9 scrolls of enchant weapon
 m - 9 scrolls of teleportation
 p - 2 scrolls of enchant armour
 s - a scroll of brand weapon
 v - 13 scrolls of remove curse
 w - a scroll of holy word {unknown}
 y - 2 scrolls of magic mapping
 C - 12 scrolls of identify
 G - 2 scrolls of amnesia
 N - 5 scrolls of fog
 V - 5 scrolls of recharging
Potions
 e - 3 potions of experience
 g - a potion of haste
 i - 4 potions of berserk rage
 x - a potion of curing
 A - a potion of ambrosia
 B - a potion of invisibility
 H - 3 potions of cancellation
 I - 2 potions of agility
 K - 3 potions of resistance
 U - a potion of brilliance
Books
 a - a book of Annihilations

   Spells                             Type                      Level
   a - Poison Arrow                   Conjuration/Poison           6
   b - Chain Lightning                Conjuration/Air              8
   c - Lehudib's Crystal Spear        Conjuration/Earth            8
   d - Glaciate                       Conjuration/Ice              9
   e - Fire Storm                     Conjuration/Fire             9
Comestibles
 c - 2 bread rations
 j - 15 meat rations
 z - 12 fruits
 E - 14 royal jellies


   Skills:
 - Level 10.0 Fighting
 - Level 5.0 Armour
 - Level 10.0 Dodging
 - Level 13.0 Stealth
 - Level 14.6 Spellcasting
 - Level 13.2 Conjurations
 - Level 5.0 Charms
 - Level 9.0 Summonings
 - Level 10.2 Ice Magic
 - Level 10.0 Air Magic
 + Level 3.8 Earth Magic
 - Level 7.0 Poison Magic


You couldn't memorise any spells.
You knew the following spells:

 Your Spells              Type           Power        Failure   Level  Hunger
a - Swiftness             Chrm/Air       ######..     1%          2    None
b - Lehudib's Crystal Sp  Conj/Erth      ######....   61%         8    ######.
c - Ozocubu's Armour      Chrm/Ice       ######..     1%          3    None
d - Throw Icicle          Conj/Ice       #######.     1%          4    None
e - Summon Ice Beast      Ice/Summ       ######..     1%          4    None
f - Lightning Bolt        Conj/Air       #######...   1%          5    None
g - Poison Arrow          Conj/Pois      ######....   1%          6    ###....
h - Bolt of Cold          Conj/Ice       #######...   1%          6    ###....
i - Spellforged Servitor  Conj/Summ      #######...   2%          7    #####..


Dungeon Overview and Level Annotations

Branches:
Dungeon (12/15)            Temple (1/1) D:6            Lair (6/6) D:8
  Swamp (4/4) Lair:4        Snake (2/4) Lair:2        Slime (1/5) Lair:6
    Orc (2/2) D:10            Elf (1/3) Orc:2

Altars:
Ashenzari
Cheibriados
Dithmenos
Elyvilon
Fedhas
Gozag
Hepliaklqana
Kikubaaqudgha
Makhleb
Nemelex Xobeh
Okawaru
Qazlal
Ru
Sif Muna
Trog
Uskayaw
Vehumet
Wu Jian
Xom
Yredelemnul
Zin
The Shining One

Shops:
Orc:2 *:([   Snake:1 *

Annotations:
D:12 Nessos


Innate Abilities, Weirdness & Mutations

You have a beak for a mouth.
You have claws for feet.
You can fly continuously.


Message History

The naga sharpshooter shoots an arrow.
The arrow hits you!!
The naga sharpshooter shoots a bolt.
The bolt hits you!!
A naga sharpshooter comes into view. It is wielding a short sword.
The naga sharpshooter shoots an arrow.
The arrow misses you.
The naga sharpshooter gestures wildly while chanting.
The naga sharpshooter magically shoots a bolt.
The bolt hits you!!
* * * LOW HITPOINT WARNING * * *
Things that are here:
2 bolts; an arrow
Okay, then.
You feel much better.
The naga sharpshooter gestures wildly while chanting.
The naga sharpshooter magically shoots a bolt.
The bolt hits you!!
* * * LOW HITPOINT WARNING * * *
The naga sharpshooter mumbles some strange words.
The naga sharpshooter magically shoots an arrow.
The arrow hits you!!
You die...

N........ ## ........#
..# #N......# ###...#
#.. #..###..# .
....##.(....# .#
.N....§.....##.##
........(.......#
#......(.(...#..#
#...##..@...## ###.
..###...[..#### #.# ##
..#...##..)...# ..##.#
......##......##.....#
.......#..)...#..##..
.......##........#..
.(........)#....##.###
.....##.........[#...##
...............†.<..#.#


You could see 2 naga sharpshooters.

Vanquished Creatures
  Bai Suzhen (Swamp:4)
  A tentacled monstrosity (Swamp:1)
  Frances (Snake:2)
  2 thorn hunters
  A nagaraja (Snake:2)
  An orc warlord (Orc:2)
  The ghost of Vi the Devastator, a journeyman DEFE of Vehumet (Snake:1)
  2 fire dragons
  2 naga warriors (Snake:1)
  18 hydras
  Harold (Lair:3)
  2 centaur warriors (D:11)
  A catoblepas (Lair:5)
  5 two-headed ogres
  7 alligators
  5 anacondas
  2 death yaks (Lair:5)
  A hell hog (Volcano)
  2 orc high priests (Orc:2)
  5 naga sharpshooters (Snake:1)
  Urug (Lair:4)
  14 spriggans
  A spriggan berserker (Swamp:4)
  Nergalle (Orc:1)
  Sonja (Lair:3)
  A salamander mystic (Snake:1)
  5 spriggan druids
  A naga ritualist (Snake:2)
  An unseen horror (D:11)
  3 shambling mangroves
  11 swamp dragons
  A deep elf archer (Orc:2)
  7 orc knights (Orc:2)
  A mana viper (Snake:1)
  5 orc sorcerers
  A cyclops (Orc:1)
  4 salamanders (Snake:1)
  12 elephants
  16 black mambas
  Maurice (D:10)
  Joseph (D:10)
  2 torpor snails (Lair:6)
  2 naga magi (Snake:1)
  23 spiny frogs
  5 rime drakes
  14 komodo dragons
  8 polar bears (Lair:6)
  6 tyrant leeches
  7 trolls
  17 slime creatures
  Prince Ribbit (D:7)
  A raiju (Lair:6)
  14 blink frogs
  11 bog bodies
  13 hornets
  8 dream sheep (Lair:6)
  13 hippogriffs
  A shadow (Swamp:2)
  23 yaks
  7 fire bats
  3 wyverns
  2 hungry ghosts
  16 vampire mosquitoes
  8 basilisks
  3 steam dragons
  10 wargs
  6 insubstantial wisps (Swamp:1)
  17 swamp worms
  2 acid dragons (Lair:6)
  14 nagas
  16 water moccasins
  4 porcupines
  Duvessa (D:7)
  16 swamp drakes
  10 hell hounds
  37 orc warriors
  An eye of draining (D:10)
  12 black bears
  An ice beast (D:11)
  5 ogres
  A phantom (D:6)
  3 sky beasts
  19 wolves
  7 centaurs
  13 crocodiles
  A big kobold (Sewer)
  14 bullfrogs
  4 elf skeletons (D:5)
  Dowan (D:7)
  A wyvern zombie (D:11)
  5 scorpions
  A water moccasin skeleton (D:10)
  2 killer bees
  4 wights
  3 vampire bats
  2 electric eels
  4 howler monkeys
  7 crimson imps
  A quasit (D:5)
  A bullfrog zombie (D:11)
  A human zombie (D:5)
  5 jellies (D:8)
  8 hounds
  2 bullfrog skeletons
  16 orc wizards
  16 orc priests
  9 iguanas
  5 human skeletons (D:5)
  3 hell rats (Lair:6)
  7 worker ants
  A big kobold zombie (Ossuary)
  A hound skeleton (D:11)
  3 mummies (Ossuary)
  2 worker ant zombies
  3 gnolls (D:7)
  7 adders
  A shadow imp (D:10)
  9 oozes
  An adder zombie (D:8)
  5 worms
  3 dart slugs
  7 leopard geckos
  64 orcs
  A bat skeleton (D:4)
  3 bat zombies (D:4)
  11 giant cockroaches
  3 gnoll zombies (Ossuary)
  2 goblins
  3 hobgoblins
  22 jackals
  4 quokkas
  A ball python (D:5)
  10 bats
  7 frilled lizards
  2 goblin zombies (Ossuary)
  11 kobolds
  3 kobold zombies (Ossuary)
  An orc skeleton (D:5)
  A quokka skeleton (D:3)
  19 rats
  A fungus (Orc:2)
  A plant (Lair:5)
889 creatures vanquished.

Vanquished Creatures (collateral kills)
  Gastronok (Lair:3)
  2 thorn hunters
  Louise (Swamp:2)
  2 dire elephants (Lair:3)
  9 hydras
  A two-headed ogre (Orc:1)
  3 anacondas
  A death yak (Lair:6)
  4 alligators (Swamp:3)
  The ghost of MCXD the Destroyer, a novice DrCj of Sif Muna (D:9)
  A shock serpent (Snake:2)
  2 spriggan druids
  A swamp dragon (Swamp:4)
  A naga ritualist (Snake:2)
  3 mana vipers
  A salamander (Snake:1)
  3 black mambas
  An elephant (Lair:6)
  A naga mage (Snake:1)
  A torpor snail (Lair:6)
  2 spiny frogs
  A komodo dragon (Lair:3)
  2 tyrant leeches
  A polar bear (Lair:6)
  2 hornets
  A bog body (Swamp:4)
  A raiju (Lair:6)
  8 blink frogs
  9 slime creatures
  15 yaks
  A basilisk (Lair:1)
  Grum (D:9)
  A spriggan (Swamp:3)
  A warg (Lair:6)
  A naga (Snake:1)
  4 swamp worms
  An acid dragon (Lair:6)
  4 hell hounds (Lair:6)
  A porcupine (Lair:3)
  A water moccasin (Lair:6)
  3 swamp drakes (Swamp:4)
  An ice beast (D:11)
  2 orc warriors (Orc:1)
  8 wolves
  3 bullfrogs
  A jelly (D:10)
  2 hounds (D:9)
  3 orc wizards (Orc:1)
  2 orc priests (Orc:1)
  2 hell rats (Lair:6)
  8 orcs
133 creatures vanquished.

Vanquished Creatures (others)
  An unseen horror (D:12)
  A deep elf mage (Elf:1)
  A spriggan (Swamp:4)
  2 orcs (Orc:1)
  A bush (D:6)
  24 fungi
  33 plants
  10 toadstools (Lair:3)
73 creatures vanquished.

Grand Total: 1095 creatures vanquished

Notes
Turn   | Place    | Note
-------+----------+-------------------------------------------
     0 | D:1      | Espgualade the Tengu Ice Elementalist began the quest for the Orb.
     0 | D:1      | Reached XP level 1. HP: 10/10 MP: 4/4
    80 | D:1      | Reached skill level 1 in Fighting
   100 | D:1      | Reached XP level 2. HP: 12/16 MP: 3/6
   371 | D:1      | Reached XP level 3. HP: 7/22 MP: 4/7
   816 | D:1      | Learned a level 2 spell: Throw Frost
   820 | D:1      | Learned a level 3 spell: Ozocubu's Armour
   844 | D:2      | Found a sparkling altar of Nemelex Xobeh.
  1017 | D:2      | Reached XP level 4. HP: 22/28 MP: 4/8
  1253 | D:2      | Found an opulent altar of Gozag.
  1920 | D:3      | Gained mutation: You can fly. [Tengu growth]
  1920 | D:3      | Reached XP level 5. HP: 29/33 MP: 4/9
  2090 | D:3      | Found a hazy altar of Hepliaklqana.
  2341 | D:4      | Found an ancient bone altar of Kikubaaqudgha.
  2380 | D:4      | Reached XP level 6. HP: 38/38 MP: 3/10
  2488 | D:4      | Found a white marble altar of Elyvilon.
  2489 | D:4      | Got a dull robe
  2609 | D:4      | Found a glowing drain.
  2629 | Sewer    | Entered a sewer
  2662 | Sewer    | Identified the cursed +1 robe of Fonaof {*Corrode MP+9 Int+8 Slay-3} (You found it on level 4 of the Dungeon)
  2948 | Sewer    | Found a white marble altar of Elyvilon.
  3069 | D:4      | Reached skill level 5 in Dodging
  3069 | D:4      | Reached XP level 7. HP: 37/43 MP: 11/11
  3371 | D:5      | Entered Level 5 of the Dungeon
  3386 | D:5      | Reached skill level 5 in Stealth
  3862 | D:5      | Found a sand-covered staircase.
  3904 | Ossuary  | Entered an ossuary
  3904 | Ossuary  | Noticed a wraith
  3904 | Ossuary  | Noticed a wraith
  3904 | Ossuary  | Noticed a wraith
  4307 | Ossuary  | Noticed a wraith
  4713 | Ossuary  | Learned a level 4 spell: Throw Icicle
  4734 | Ossuary  | Reached XP level 8. HP: 48/48 MP: 12/12
  5055 | D:5      | Reached skill level 3 in Spellcasting
  5259 | D:5      | Reached skill level 4 in Spellcasting
  5442 | D:5      | Reached skill level 5 in Spellcasting
  5665 | D:5      | Found a shattered altar of Ashenzari.
  5665 | D:5      | Found a blossoming altar of Fedhas.
  6305 | D:6      | Reached skill level 5 in Ice Magic
  6311 | D:6      | Reached XP level 9. HP: 52/52 MP: 15/17
  7029 | D:6      | Got a faintly humming hat
  7035 | D:6      | Identified the +2 hat of Ru's Envy {rC++ Int-4} (You found it on level 6 of the Dungeon)
  7100 | D:6      | Reached skill level 5 in Conjurations
  7150 | D:6      | Learned a level 4 spell: Summon Ice Beast
  7154 | D:7      | Noticed Duvessa
  7154 | D:7      | Noticed Dowan
  7449 | D:7      | Found an ornate altar of the Wu Jian Council.
  7462 | D:7      | Noticed Prince Ribbit
  7493 | D:7      | Killed Prince Ribbit
  7567 | D:7      | Found a hide-covered altar of Uskayaw.
  7739 | D:7      | Killed Duvessa
  8216 | D:7      | Found a stormy altar of Qazlal.
  8242 | D:7      | Killed Dowan
  8398 | D:7      | Found a sacrificial altar of Ru.
  8398 | D:7      | Found a glowing golden altar of the Shining One.
  8432 | D:8      | Reached XP level 10. HP: 57/57 MP: 18/18
  8445 | D:8      | Noticed a two-headed ogre
  8453 | D:8      | Killed a two-headed ogre
  8453 | D:8      | Reached skill level 5 in Fighting
  8453 | D:8      | Reached skill level 6 in Spellcasting
  9267 | D:8      | Found a staircase to the Lair.
  9646 | Lair:1   | Entered Level 1 of the Lair of Beasts
  9708 | Lair:1   | Noticed a six-headed hydra
 10140 | D:6      | Found a staircase to the Ecumenical Temple.
 10149 | Temple   | Entered the Ecumenical Temple
 10304 | Temple   | Became a worshipper of Vehumet
 10681 | Lair:1   | Reached skill level 7 in Spellcasting
 11129 | Lair:2   | Noticed a black mamba
 11141 | Lair:2   | Killed a black mamba
 11141 | Lair:2   | Reached skill level 1 in Charms
 11162 | Lair:2   | Reached XP level 11. HP: 32/67 MP: 3/23
 11491 | Lair:2   | Noticed a five-headed hydra
 11960 | Lair:2   | Reached skill level 5 in Charms
 12077 | Lair:1   | Upgraded the game from 0.20-a0-802-g512f924 to 0.20-a0-809-gaf7f668
 12561 | Lair:2   | Found a staircase to the Snake Pit.
 12597 | Lair:3   | Noticed Gastronok
 12627 | Lair:2   | Reached skill level 5 in Summonings
 12666 | Lair:2   | Reached * piety under Vehumet
 12666 | Lair:2   | Offered knowledge of Magic Dart by Vehumet.
 13334 | Lair:2   | Killed a five-headed hydra
 13731 | Snake:1  | Entered Level 1 of the Snake Pit
 13840 | Lair:3   | Noticed a four-headed hydra
 14073 | Lair:3   | Noticed Harold
 14149 | Lair:3   | Killed a four-headed hydra
 14379 | Lair:3   | Reached skill level 8 in Spellcasting
 14762 | Lair:3   | Noticed a six-headed hydra
 14907 | Lair:3   | Killed Harold
 14907 | Lair:3   | Reached XP level 12. HP: 70/72 MP: 14/25
 15962 | Lair:3   | Reached ** piety under Vehumet
 16039 | Lair:3   | Noticed Sonja
 16096 | Lair:3   | Offered knowledge of Throw Flame by Vehumet.
 16120 | Lair:3   | Reached skill level 10 in Dodging
 16317 | Lair:3   | Killed a six-headed hydra
 16393 | Lair:3   | Killed Gastronok
 16484 | Lair:3   | Found a runed door.
 16758 | Lair:4   | Found a staircase to the Swamp.
 16871 | Lair:4   | Noticed Urug
 17423 | Lair:5   | Noticed a five-headed hydra
 17423 | Lair:5   | Reached skill level 10 in Conjurations
 17433 | Lair:5   | Killed a five-headed hydra
 18166 | Lair:6   | Entered Level 6 of the Lair of Beasts
 18166 | Lair:6   | Noticed a death yak
 18168 | Lair:6   | Noticed a death yak
 18178 | Lair:6   | Noticed a six-headed hydra
 18286 | Lair:6   | Killed a six-headed hydra
 18500 | Lair:6   | Offered knowledge of Static Discharge by Vehumet.
 18505 | Lair:6   | Learned a level 3 spell: Static Discharge
 18517 | Lair:6   | Reached XP level 13. HP: 76/76 MP: 18/26
 18800 | Lair:6   | Reached *** piety under Vehumet
 18800 | Lair:6   | Reached skill level 5 in Air Magic
 19433 | Lair:6   | Found a staircase to the Slime Pits.
 19441 | Lair:6   | Got a brightly glowing rapier
 19442 | Lair:6   | Identified the +6 rapier of Calamity {holy, +Blink Int+4 Dex+6} (You found it on level 6 of the Lair of Beasts)
 20023 | Lair:6   | Offered knowledge of Olgreb's Toxic Radiance by Vehumet.
 20641 | Lair:6   | Reached skill level 10 in Stealth
 20942 | Slime:1  | Entered Level 1 of the Pits of Slime
 20942 | Slime:1  | Noticed a great orb of eyes
 21310 | Lair:6   | Reached **** piety under Vehumet
 21530 | Lair:6   | Offered knowledge of Yara's Violent Unravelling by Vehumet.
 22462 | Lair:6   | Reached skill level 9 in Spellcasting
 22554 | Lair:5   | Gained mutation: You can fly continuously. [Tengu growth]
 22554 | Lair:5   | Reached XP level 14. HP: 34/82 MP: 0/28
 22933 | Lair:6   | Reached ***** piety under Vehumet
 23135 | Lair:6   | Offered knowledge of Poison Arrow by Vehumet.
 23143 | Lair:6   | Reached skill level 10 in Spellcasting
 23432 | Lair:6   | Learned a level 6 spell: Poison Arrow
 23473 | Lair:6   | Reached skill level 1 in Poison Magic
 24904 | Lair:6   | Reached skill level 5 in Poison Magic
 24936 | Lair:6   | Got an ancient cloak
 24945 | Lair:6   | Identified the +0 cloak of Valour {Str+2} (You found it on level 6 of the Lair of Beasts)
 25324 | Lair:6   | Offered knowledge of Lightning Bolt by Vehumet.
 25579 | Lair:4   | Killed Urug
 25660 | Lair:3   | Killed Sonja
 26262 | Lair:6   | Learned a level 5 spell: Lightning Bolt
 26397 | Swamp:1  | Entered Level 1 of the Swamp
 26407 | Swamp:1  | Noticed a tentacled monstrosity
 26868 | Snake:1  | Noticed Vi's ghost (journeyman DEFE)
 27316 | D:9      | Noticed Grum
 27347 | D:9      | Killed Grum
 27409 | D:9      | Reached skill level 10 in Air Magic
 27548 | D:9      | Noticed MCXD's ghost (novice DrCj)
 27558 | D:9      | HP: 3/82 [MCXD's ghost/orb of energy (26)]
 27599 | D:9      | Killed MCXD's ghost
 28244 | D:10     | Entered Level 10 of the Dungeon
 28718 | D:10     | Found a staircase to the Orcish Mines.
 29086 | D:10     | Noticed Joseph
 29091 | D:10     | Killed Joseph
 29091 | D:10     | Offered knowledge of Bolt of Cold by Vehumet.
 29091 | D:10     | Reached XP level 15. HP: 88/88 MP: 25/30
 29235 | D:10     | Noticed Maurice
 29238 | D:10     | Killed Maurice
 29353 | Orc:1    | Entered Level 1 of the Orcish Mines
 29570 | Orc:1    | Found a shimmering altar of Xom.
 29582 | Orc:1    | Found a dark tunnel.
 29639 | Orc:1    | Learned a level 6 spell: Bolt of Cold
 29642 | Volcano  | Entered a volcano
 29940 | Orc:1    | Reached skill level 10 in Fighting
 29979 | Orc:1    | Noticed Nergalle
 29984 | Orc:1    | Killed Nergalle
 30388 | Orc:2    | Entered Level 2 of the Orcish Mines
 30911 | Orc:2    | Found a staircase to the Elven Halls.
 31099 | Orc:2    | Found Etiliw's Antique Weapon Shop.
 31104 | Orc:2    | Found Muklurol's Antique Armour Shoppe.
 31378 | Orc:2    | Noticed an orc warlord
 31975 | Orc:2    | Killed an orc warlord
 32216 | Orc:2    | Found Hostrit's Book Boutique.
 32446 | Orc:2    | Reached skill level 11 in Spellcasting
 32877 | Orc:2    | Found Juug's General Store.
 33380 | Elf:1    | Entered Level 1 of the Elven Halls
 33442 | Orc:1    | Upgraded the game from 0.20-a0-809-gaf7f668 to 0.20-a0-820-g557356e
 33502 | Orc:1    | Noticed an orc warlord
 33654 | D:11     | Offered knowledge of Spellforged Servitor by Vehumet.
 34594 | D:12     | Got an ancient flail
 34597 | D:12     | Identified the +3 flail of Hacking and Slashing {venom, *Noise rF+ Int+4} (You found it on level 12 of the Dungeon)
 34602 | D:12     | Noticed Nessos
 34681 | D:12     | Reached skill level 12 in Spellcasting
 34857 | Orc:2    | Bought a book of Annihilations for 1766 gold pieces
 34890 | Orc:2    | Bought a steaming robe for 188 gold pieces
 34907 | Orc:2    | Identified the +2 robe of Uklut {MR+ Str+5} (You bought it in a shop on level 2 of the Orcish Mines)
 35265 | Lair:3   | Learned a level 7 spell: Spellforged Servitor
 35754 | Swamp:1  | Killed a tentacled monstrosity
 35962 | Swamp:1  | Reached ****** piety under Vehumet
 36055 | Swamp:1  | Reached XP level 16. HP: 97/97 MP: 33/33
 36150 | Swamp:1  | Offered knowledge of Ozocubu's Refrigeration by Vehumet.
 36678 | Swamp:2  | Reached skill level 1 in Armour
 37393 | Swamp:2  | Noticed Louise
 37410 | Swamp:2  | Killed Louise
 38111 | Swamp:3  | Noticed a thorn hunter
 38119 | Swamp:3  | Killed a thorn hunter
 38408 | Swamp:3  | Reached skill level 5 in Armour
 38645 | Swamp:3  | Paralysed by a hornet for 2 turns
 38853 | Swamp:3  | Noticed a thorn hunter
 39477 | Swamp:3  | Offered knowledge of Freezing Cloud by Vehumet.
 39633 | Swamp:3  | Killed a thorn hunter
 39892 | Swamp:4  | Entered Level 4 of the Swamp
 40463 | Swamp:4  | Reached skill level 10 in Ice Magic
 41027 | Swamp:4  | Noticed Bai Suzhen
 41306 | Swamp:4  | Learned a level 2 spell: Swiftness
 41423 | Swamp:4  | Noticed a thorn hunter
 41512 | Swamp:4  | Noticed a thorn hunter
 41668 | Swamp:4  | Reached XP level 17. HP: 102/102 MP: 32/34
 41903 | Swamp:4  | Killed Bai Suzhen
 42170 | Swamp:4  | Reached skill level 13 in Spellcasting
 42617 | Swamp:4  | Offered knowledge of Bolt of Fire by Vehumet.
 43286 | Swamp:4  | Got a decaying rune of Zot
 43786 | Snake:1  | Reached skill level 14 in Spellcasting
 44675 | Snake:1  | Found Sushruola's Superlative Supplies.
 44688 | Snake:1  | Killed Vi's ghost
 44786 | Snake:1  | Bought an uncursed ring of see invisible for 165 gold pieces
 45059 | Snake:1  | Learned a level 8 spell: Lehudib's Crystal Spear
 45154 | Snake:2  | Reached skill level 1 in Earth Magic
 45367 | Snake:2  | Noticed Frances
 45380 | Snake:2  | Killed Frances
 45705 | Snake:2  | HP: 5/102 [naga sharpshooter/bolt[Vashnia] (30)]
 45705 | Snake:2  | Shot with an arrow by a naga sharpshooter

Vault maps used:
D:1:      minmay_arrival_four_houses
D:2:      lemuel_coloured_pillars_altar,
          nicolae_gozag_cash_rules_everything_around_me, first_bread
D:3:      marbit_many_paths
D:4:      kennysheep_vampire_church, elyvilon_altar_1, portal_sewer_entry_b
D:5:      minmay_opposing_rooms, grunt_temple_overflow_open,
          nicolae_ossuary_entry_catacombs
D:6:      minmay_temple_entry_poolview, kb_lookout_dungeons_type
D:7:      grunt_qazlal_sundering, old_standard_altar, kennysheep_mini,
          gammafunk_temple_overflow_wave, uniq_duvessa, uniq_prince_ribbit1
D:8:      lair_entry_dummy, hangedman_little_slice_of_home, grunt_ministairs_11,
          minmay_misc_feat_encased, kennysheep_generic_room_14
D:9:      uniq_grum
D:10:     david_orc_1_choice, uniq_joseph, uniq_maurice
D:11:     nooodl_food_tri
D:12:     nicolae_wwwww, minmay_misc_feat_rows, uniq_nessos
Temple:   dpeg_chambers_temple
Lair:2:   minmay_snake_entry_guardpost_medium
Lair:3:   gammafunk_lair_enchanted_lake, uniq_harold, uniq_gastronok, uniq_sonja
Lair:4:   swamp_mist_pool, uniq_urug
Lair:5:   serial_forest, infiniplex_forest_lined_room_2,
          infiniplex_forest_clump_cross, infiniplex_forest_3_way,
          infiniplex_forest_straight_4, infiniplex_forest_straight_3,
          roderic_batcave
Lair:6:   hangedman_lair_caniforms_friends, guppyfry_lair_end_dragon,
          slime_dummy
Swamp:1:  nicolae_swamp_rocky_clearing
Swamp:2:  evilmike_swamp_ruin_rubble_2, uniq_louise
Swamp:3:  nicolae_swamp_round_clearing, infiniplex_staircase_pool
Swamp:4:  swamp_basic_johnstein, uniq_bai_suzhen
Snake:1:  nicolae_alphabet_shops
Snake:2:  lightli_airlock, serial_bayou_shore_b, serial_bayou_shore_b,
          uniq_aizul, uniq_frances, uniq_vashnia
Orc:1:    nicolae_volcano_entry_batcave, basic_altar, uniq_nergalle
Orc:2:    grunt_orc_gardens, grunt_orc_garden, grunt_orc_garden,
          grunt_orc_garden, grunt_orc_garden
Elf:1:    eino_elf_arrival_altar, portal_desolation_entry_ruin, minivault_28,
          minmay_shoptagon, uniq_donald
Sewer:    sewer_kobolds
Ossuary:  ossuary_kennysheep_city_of_the_dead
Volcano:  volcano_pools

Skill      XL: |  1  2  3  4  5  6  7  8  9 10 11 12 13 14 15 16 17 |
---------------+----------------------------------------------------+-----
Fighting       | 1 2 3 4 7 8 10 | 10.0
Dodging        | 4 5 6 7 10 | 10.0
Stealth        | 3 4 5 8 11 13 | 13.0
Spellcasting   | 5 7 8 9 10 12 14 | 14.6
Ice Magic      | 5 7 10 | 10.2
Conjurations   | 6 9 11 12 13 | 13.2
Summonings     | 4 7 8 9 |  9.0
Charms         | 2 5 |  5.0
Air Magic      | 2 9 10 | 10.0
Poison Magic   | 7 |  7.0
Armour         | 5 |  5.0
Earth Magic    | 3 |  3.8

Action                   |  1- 3 |  4- 6 |  7- 9 | 10-12 | 13-15 | 16-18 || total
-------------------------+-------+-------+-------+-------+-------+-------++-------
Melee: Short sword       |   111 |   204 |   374 |       |       |       ||   689
       Kick              |    24 |    44 |   148 |    41 |   106 |    19 ||   382
       Unarmed           |     6 |       |       |       |       |       ||     6
       Peck              |    22 |    28 |    80 |    20 |    78 |     9 ||   237
       Quarterstaff      |       |       |    17 |    35 |       |       ||    52
       Staff             |       |       |       |    45 |     1 |       ||    46
       Rapier            |       |       |       |       |   290 |    58 ||   348
 Cast: Freeze            |    12 |    36 |   123 |   196 |   130 |    21 ||   518
       Throw Frost       |     2 |    16 |    76 |    65 |    98 |    17 ||   274
       Throw Icicle      |       |       |    27 |   196 |   376 |   350 ||   949
       Ozocubu's Armour  |       |       |     1 |    15 |    16 |     9 ||    41
       Summon Ice Beast  |       |       |       |    37 |    87 |     9 ||   133
       Poison Arrow      |       |       |       |       |   152 |    81 ||   233
       Static Discharge  |       |       |       |       |    11 |       ||    11
       Lightning Bolt    |       |       |       |       |     5 |     3 ||     8
       Bolt of Cold      |       |       |       |       |     5 |    44 ||    49
       Spellforged Servi |       |       |       |       |     2 |    17 ||    19
       Swiftness         |       |       |       |       |       |    10 ||    10
 Abil: Fly               |       |     1 |       |     2 |     2 |       ||     5
       Evoke Blink       |       |       |       |       |     1 |     4 ||     5
Evoke: Wand              |       |       |       |       |    10 |     2 ||    12
  Use: Scroll            |     3 |     8 |    13 |     9 |    14 |     6 ||    53
       Potion            |       |       |     4 |     8 |     9 |     4 ||    25
 Stab: Sleeping          |     4 |     8 |    13 |     3 |    10 |     1 ||    39
       Distracted        |       |       |       |       |     4 |     1 ||     5
  Eat: Chunk             |     1 |     7 |    11 |    16 |    39 |     4 ||    78
       Bread ration      |       |     1 |     2 |     5 |     4 |     2 ||    14
       Royal jelly       |       |       |       |     4 |     5 |     2 ||    11
       Meat ration       |       |       |       |     1 |     3 |     6 ||    10
       Fruit             |       |       |       |       |     5 |     3 ||     8
Armor: Robe              |    24 |    67 |    97 |    43 |    63 |    23 ||   317
       Skin              |       |       |       |    60 |       |       ||    60
Dodge: Dodged            |   117 |   289 |   401 |   335 |   757 |   393 ||  2292
